 Dungeon Crawl Stone Soup version 0.28-a0-622-gbaef9634d7 (webtiles) character file.

Game seed: 6552279314047159953

13810 heikuro the Carver (level 11, -5/102 HPs)
             Began as a Minotaur Fighter on Oct 2, 2021.
             Was a High Priest of Okawaru.
             Killed from afar by Jorgrun (64 damage)
             ... with an iron shot
             ... on level 12 of the Dungeon on Oct 8, 2021.
             The game lasted 00:26:49 (15996 turns).

heikuro the Carver (Minotaur Fighter)              Turns: 15996, Time: 00:26:49

Health: -5/102     AC: 17    Str: 24    XL:     11   Next: 80%
Magic:  13/15      EV:  9    Int:  8    God:    Okawaru [*****.]
Gold:   523        SH:  7    Dex: 13    Spells: 10/10 levels left

rFire   . . .      SeeInvis .   b - +9 long sword "Geadd" {vorpal, rElec rC+ Int+3 Dex+3}
rCold   + + +      Faith    .   M - +1 buckler {rC+}
rNeg    . . .      Spirit   .   P - +0 plate armour
rPois   .          Reflect  .   (helmet restricted)
rElec   +          Harm     .   (no cloak)
rCorr   .          Rampage  .   (no gloves)
Will    .....                   (no boots)
Stlth   ..........              (no amulet)
HPRegen 0.27/turn               p - ring of protection from cold
MPRegen 0.14/turn               x - ring of flight

@: heroic, flying, studying Fighting
A: horns 2, retaliatory headbutt
a: Renounce Religion, Heroism, Finesse, Duel


You were on level 12 of the Dungeon.
You worshipped Okawaru.
Okawaru was extremely pleased with you.
You visited 2 branches of the dungeon, and saw 13 of its levels.
You also visited: Bailey.

You collected 523 gold pieces.

Inventory:

Hand Weapons
 a - a +0 hand axe of flaming
 b - the +9 long sword "Geadd" (weapon) {vorpal, rElec rC+ Int+3 Dex+3}
   (You found it on level 6 of the Dungeon)

   It inflicts extra damage upon your enemies.
   Int:       It affects your intelligence (+3).
   Dex:       It affects your dexterity (+3).
   rC:        It protects you from cold.
   rElec:     It insulates you from electricity.
 H - the +6 falchion of Utupickuu {vorpal, rN++ Dex+2}
   (You found it on level 8 of the Dungeon)

   It inflicts extra damage upon your enemies.
   Dex:       It affects your dexterity (+2).
   rN:        It greatly protects you from negative energy.
 O - the +2 executioner's axe "Jajun" {vorpal, rF+ rC+ rCorr}
   (You took it off an orc warrior in a bailey)

   It inflicts extra damage upon your enemies.
   rF:        It protects you from fire.
   rC:        It protects you from cold.
   rCorr:     It protects you from acid and corrosion.
Missiles
 i - 85 poisoned darts (quivered)
 k - 3 throwing nets
Armour
 M - a +1 buckler of cold resistance (worn)
 P - a +0 plate armour (worn)
Jewellery
 j - a +6 ring of strength
 p - a ring of protection from cold (left hand)
 x - a ring of flight (right hand)
 G - an amulet of the acrobat
Wands
 y - a wand of acid (3)
 z - a wand of polymorph (9)
 B - a wand of iceblast (13)
 F - a wand of digging (7)
 I - a wand of paralysis (7)
 K - a wand of mindburst (21)
Scrolls
 c - 3 scrolls of identify
 d - a scroll of fear {unknown}
 e - a scroll of vulnerability
 f - a scroll of teleportation
 l - 2 scrolls of summoning {unknown}
 r - a scroll of noise {unknown}
 t - 4 scrolls of enchant weapon {unknown}
 w - a scroll of acquirement {unknown}
 A - 3 scrolls of immolation {unknown}
 C - a scroll of enchant armour {unknown}
 E - a scroll of fog {unknown}
 J - 2 scrolls of magic mapping {unknown}
Potions
 g - a potion of magic {unknown}
 h - 2 potions of invisibility
 m - a potion of brilliance {unknown}
 n - 3 potions of might
 o - a potion of cancellation {unknown}
 q - 2 potions of mutation
 s - 3 potions of lignification {unknown}
 u - 4 potions of curing
 v - a potion of heal wounds {unknown}
 D - a potion of flight {unknown}
 L - a potion of attraction {unknown}
 N - a potion of experience


   Skills:
 + Level 11.4(16.4) Fighting
 * Level 12.4(17.4) Long Blades
 - Level 8.8(13.8) Axes
 + Level 11.2(16.2) Armour
 - Level 4.0(9.0) Shields
 * Level 7.1 Invocations


You had 10 spell levels left.
You didn't know any spells.
Your spell library contained the following spells:

 Spells                   Type           Power      Damage    Failure   Level
 Apportation              Tloc           0%         N/A       97%         1
 Beastly Appendage        Tmut           0%         N/A       97%         1
 Wereblood                Tmut           0%         N/A       99%         2
 Conjure Flame            Conj/Fire      0%         6-21      100%        3
 Gell's Gravitas          Tloc           0%         N/A       100%        3
 Ignite Poison            Fire/Tmut/Pois 0%         N/A       100%        3
 Lesser Beckoning         Tloc           0%         N/A       100%        3
 Spider Form              Tmut/Pois      0%         N/A       100%        3
 Teleport Other           Tloc           0%         N/A       100%        3
 Sticky Flame             Conj/Fire      0%         2d3       100%        4
 Iskenderun's Battlesphe  Conj           0%         2d6       100%        5
 Iron Shot                Conj/Erth      0%         9d1       100%        6
 Borgnjor's Revivificati  Necr           0%         N/A       100%        8
 Necromutation            Tmut/Necr      0%         N/A       100%        8
 Death's Door             Necr           0%         N/A       100%        9
 Animate Skeleton         Necr           Unusable   N/A       N/A         1
 Summon Small Mammal      Summ           Unusable   N/A       N/A         1
 Spellforged Servitor     Conj/Summ      Unusable   N/A       N/A         7

Dungeon Overview and Level Annotations

Branches:
Dungeon (12/15)            Temple (1/1) D:6            Lair (0/6) D:9
    Orc (0/2) D:10         Bailey (visited)

Altars:
Ashenzari
Cheibriados
Dithmenos
Elyvilon
Fedhas
Gozag
Hepliaklqana
Kikubaaqudgha
Makhleb
Nemelex Xobeh
Okawaru
Qazlal
Ru
Sif Muna
Trog
Uskayaw
Vehumet
Wu Jian
Xom
Yredelemnul
Zin
The Shining One
Beogh

Shops:
D:4 *   D:10 :

Annotations:
D:11 3 runed translucent doors, Maimakterion's ghost, journeyman DsVM
D:12 Jorgrun


Innate Abilities, Weirdness & Mutations

You have a pair of horns on your head.
You reflexively headbutt those who attack you in melee.


Message History

You see here 15 arrows.
You see here a basilisk skeleton.
Found a morningstar.
i - 85 poisoned darts (gained 24)
You see here a +0 morningstar.
You see here a basilisk skeleton.
Maimakterion's ghost turns its malevolent gaze towards you.
Could not explore, unopened runed door.
Maimakterion's ghost shouts, "You will never get the ORB!"
There is a stone staircase leading down here.
You fly downwards.
There is a stone staircase leading up here.
You reach down and open the door.
Found 17 gold pieces.
There is an open door here.
You now have 523 gold pieces (gained 17).
You reach down and open the door.
Found a stone staircase leading up.
There is an open door here.
You reach down and open the door.
There is an open door here.
As you open the door, it creaks loudly!
Found an escape hatch in the ceiling.
There is an open door here.
There is an escape hatch in the ceiling here.
A mysterious force pulls you upwards. The hatch slams shut behind you.
Level annotation: 3 runed translucent doors, Maimakterion's ghost, journeyman DsVM You can't go down here!
There is a stone staircase leading down here.
You fly downwards.
Jorgrun shouts!
Found a wand of paralysis (10) and a runed wooden ring.
There is a stone staircase leading up here.
You gain the combat prowess of a mighty hero.
Jorgrun casts a spell at you. The iron shot hits you!!!
Jorgrun casts a spell at you. The iron shot hits you!!!
Ouch! That really hurt!
You die...

###+####
#..../.#
+...<..#
#..@...#
#..g...#
#....=.#
#####+##
####+######
#.........#
+.........#


You could see Jorgrun.

Vanquished Creatures
  Harold (D:7)
  2 two-headed ogres
  2 ugly things (D:11)
  Sigmund (D:2)
  21 yaks
  2 basilisks (D:11)
  2 wyverns
  2 wraiths (D:11)
  9 water moccasins
  2 ice beasts
  12 orc warriors
  A sky beast (D:5)
  A black bear (D:7)
  4 ogres
  15 centaurs
  The ghost of zuhukanah the Sneak, an amateur HuEn (D:3)
  A phantom (D:5)
  2 kobold brigands
  8 bullfrogs
  2 scorpions
  A water moccasin zombie (D:5)
  4 killer bees (D:8)
  8 wights
  6 howler monkeys
  A hound (D:5)
  2 centaur skeletons (D:5)
  2 centaur zombies
  5 jellies
  8 orc priests
  2 gnoll shamans
  4 iguanas
  11 orc wizards
  Terence (D:2)
  A killer bee zombie (D:7)
  A hound skeleton (D:4)
  A howler monkey zombie (D:10)
  A howler monkey skeleton (D:7)
  3 adders
  9 gnolls
  A shadow imp (D:6)
  3 white imps (D:7)
  2 dart slugs
  49 orcs
  5 ball pythons
  3 endoplasms
  2 giant cockroaches
  12 goblins
  4 hobgoblins
  2 jackals (D:3)
  A quokka (D:2)
  5 bats
  3 frilled lizards
  16 kobolds
  7 rats
277 creatures vanquished.

Vanquished Creatures (others)
  47 fungi (D:9)
  44 plants
91 creatures vanquished.

Grand Total: 368 creatures vanquished

Notes
Turn   | Place    | Note
-------+----------+-------------------------------------------
     0 | D:1      | heikuro the Minotaur Fighter began the quest for the Orb.
     0 | D:1      | Reached XP level 1. HP: 19/19 MP: 0/0
   524 | D:1      | Reached XP level 2. HP: 27/27 MP: 1/1
   909 | D:2      | Found a faded altar of an unknown god.
  1050 | D:2      | Noticed Terence
  1058 | D:2      | Killed Terence
  1059 | D:2      | Reached XP level 3. HP: 33/33 MP: 2/2
  1201 | D:2      | Found a basalt altar of Yredelemnul.
  1252 | D:2      | Noticed Sigmund
  1259 | D:2      | Killed Sigmund
  1260 | D:2      | Reached skill level 5 in Axes
  1260 | D:2      | Reached XP level 4. HP: 23/41 MP: 3/3
  1260 | D:2      | Reached XP level 5. HP: 26/47 MP: 4/4
  2200 | D:3      | Reached skill level 5 in Fighting
  2200 | D:3      | Reached skill level 5 in Armour
  2430 | D:3      | Reached XP level 6. HP: 54/56 MP: 5/5
  2546 | D:3      | Found a runed translucent gate.
  2549 | D:3      | Noticed zuhukanah's ghost (amateur HuEn)
  2551 | D:3      | Found a runed translucent gate.
  2551 | D:3      | Found a runed translucent gate.
  2943 | D:4      | Found a shimmering blue altar of Sif Muna.
  3319 | D:4      | Reached XP level 7. HP: 62/62 MP: 6/6
  3439 | D:3      | Killed zuhukanah's ghost
  3585 | D:4      | Found Eboirouz's Assorted Antiques.
  3900 | D:5      | Entered Level 5 of the Dungeon
  4470 | D:5      | Reached XP level 8. HP: 67/71 MP: 7/7
  5048 | D:6      | Identified the +9 long sword "Geadd" {vorpal, rElec rC+
                  | Int+3 Dex+3}
  5166 | D:6      | Reached skill level 1 in Long Blades
  5374 | D:6      | Reached skill level 2 in Long Blades
  5614 | D:6      | Reached skill level 3 in Long Blades
  5614 | D:6      | Found a staircase to the Ecumenical Temple.
  5630 | Temple   | Entered the Ecumenical Temple
  5816 | Temple   | Became a worshipper of Warmaster Okawaru
  6032 | D:6      | Reached skill level 4 in Long Blades
  6032 | D:6      | Reached skill level 1 in Invocations
  6233 | D:6      | Reached XP level 9. HP: 22/81 MP: 7/9
  6886 | D:7      | Reached * piety under Okawaru
  6887 | D:7      | Reached skill level 5 in Long Blades
  7359 | D:7      | Reached skill level 6 in Long Blades
  7376 | D:7      | HP: 2/76 [wight (9)]
  7812 | D:7      | Noticed Harold
  7822 | D:7      | Killed Harold
  7822 | D:7      | Reached ** piety under Okawaru
  7823 | D:7      | Reached skill level 7 in Long Blades
  8754 | D:8      | Reached XP level 10. HP: 22/91 MP: 11/11
  8758 | D:8      | Reached skill level 8 in Long Blades
  9139 | D:8      | Identified the +6 falchion of Utupickuu {vorpal, rN++
                  | Dex+2}
  9369 | D:8      | Reached *** piety under Okawaru
  9716 | D:8      | Reached skill level 9 in Long Blades
  9766 | D:9      | Reached **** piety under Okawaru
  9930 | D:8      | HP: 2/93 [yak (11)]
  9931 | D:8      | Reached skill level 5 in Invocations
 10375 | D:9      | Reached skill level 10 in Fighting
 10401 | D:8      | Upgraded the game from 0.28-a0-580-ga2639ab843 to
                  | 0.28-a0-622-gbaef9634d7
 10553 | D:8      | Reached skill level 10 in Long Blades
 10553 | D:8      | Reached skill level 10 in Armour
 11243 | D:9      | Reached XP level 11. HP: 79/100 MP: 14/14
 11454 | D:9      | Reached ***** piety under Okawaru
 11519 | D:9      | Found a staircase to the Lair.
 12052 | D:10     | Entered Level 10 of the Dungeon
 12519 | D:10     | Reached skill level 11 in Long Blades
 12618 | D:10     | Found a staircase to the Orcish Mines.
 12714 | D:10     | Found Geunu's Book Boutique.
 12747 | D:10     | Noticed a two-headed ogre
 12756 | D:10     | Killed a two-headed ogre
 12756 | D:10     | Received a gift from Okawaru
 13024 | D:11     | Noticed a two-headed ogre
 13024 | D:11     | Noticed a cyan ugly thing
 13029 | D:11     | Killed a two-headed ogre
 13032 | D:11     | Killed a cyan ugly thing
 13053 | D:11     | Found a runed translucent gate.
 13053 | D:11     | Found a runed translucent gate.
 13053 | D:11     | Found a runed translucent gate.
 13054 | D:11     | Noticed a nine-headed hydra
 13054 | D:11     | Noticed an 11-headed hydra
 13055 | D:11     | Noticed Maimakterion's ghost (journeyman DsVM)
 13092 | D:11     | Found a flagged portal.
 13105 | Bailey   | Entered a bailey
 14088 | Bailey   | Identified the +2 executioner's axe "Jajun" {vorpal, rF+
                  | rC+ rCorr}
 14436 | Bailey   | Reached skill level 12 in Long Blades
 15150 | D:11     | Noticed a green ugly thing
 15162 | D:11     | Killed a green ugly thing
 15994 | D:12     | Noticed Jorgrun
 15996 | D:12     | Killed from afar by Jorgrun

Illustrated notes

Levels and vault maps discovered:
D:1:      zelgadis_glass_arrival_small, layout_basic
D:2:      layout_loops_cross, basic_altar,
          chequers_ecumenical_altar_simple_redux, uniq_terence, uniq_sigmund
D:3:      layout_basic, ebering_ghost_rock_garden, minmay_misc_feat_x
D:4:      layout_rooms, led_sif_pool, serial_park_tiny_pond,
          nicolae_take_the_stairs
D:5:      layout_basic
D:6:      layout_loops_corners, minmay_temple_entry_junction
D:7:      layout_cave_pools, minmay_misc_feat_roman, uniq_harold
D:8:      layout_gridville, grunt_ogre_cave, corner_web_ring
D:9:      layout_small_grid, due_lair_maze_entry_diamond
D:10:     layout_roguey, minmay_orc_entry_temple_small, serial_shops,
          nicolae_shop_crystal
D:11:     layout_long_grid, serial_bayou, serial_bayou_crossing,
          serial_bayou_pond_e, serial_bayou_pond_e, serial_bayou_pond_a,
          gammafunk_ghost_hydra_chop, enter_bailey_3
D:12:     layout_roguey, gammafunk_ghost_abyssal_escape, uniq_jorgrun,
          uniq_nessos, uniq_kirke
Temple:   roderic_octagonal_lattice_temple

Skill      XL: |  1  2  3  4  5  6  7  8  9 10 11 |
---------------+----------------------------------+-----
Axes           | 3 5 6 8 |  8.8
Fighting       | 4 5 6 7 9 10 11 | 11.4
Armour         | 4 5 6 7 9 10 11 | 11.2
Shields        | 4 |  4.0
Long Blades    | 4 7 10 12 | 12.4
Invocations    | 1 3 5 7 |  7.1

Action                   |  1- 3 |  4- 6 |  7- 9 | 10-12 || total
-------------------------+-------+-------+-------+-------++-------
Melee: War axe           |    57 |    82 |       |       ||   139
       Headbutt          |     6 |    12 |    52 |    72 ||   142
       Hand axe          |       |     3 |   104 |       ||   107
       Long sword        |       |       |   138 |   324 ||   462
Throw: Dart              |     4 |    13 |     3 |     4 ||    24
       Throwing net      |       |       |       |     1 ||     1
Invok: Heroism           |       |       |     1 |    11 ||    12
Evoke: Wand              |       |       |       |     4 ||     4
  Use: Potion            |     1 |       |       |       ||     1
       Scroll            |       |       |     2 |     4 ||     6
 Stab: Held in net/web   |       |       |       |     3 ||     3
Armor: Scale mail        |    19 |    37 |    48 |       ||   104
       Chain mail        |       |       |    43 |   131 ||   174
       Plate armour      |       |       |       |    40 ||    40
Dodge: Dodged            |    23 |    37 |   103 |   150 ||   313
Block: Buckler           |    12 |    22 |    56 |    97 ||   187

Table legend: (Time is in decaauts)
 A = Elapsed time spent in this place.
 B = Non-inter-level travel time spent in this place.
 C = Inter-level travel time spent in this place.
 D = Time resting spent in this place.
 E = Time spent auto-exploring this place.
 F = Levels seen in this place.
 G = Mean time per level.
                   A        B        C        D        E       F      G
               +--------+--------+--------+--------+--------+-----+--------+
         Total |  16016 |  15387 |    629 |   4797 |   7191 |  14 | 1144.0 |
       Dungeon |  13737 |  13130 |    607 |   3722 |   6582 |  12 | 1144.8 |
        Temple |    315 |    293 |     22 |      0 |    267 |   1 |  315.0 |
        Bailey |   1962 |   1962 |      0 |   1075 |    342 |   1 | 1962.0 |
               +--------+--------+--------+--------+--------+-----+--------+

Top non-repeatable levels by time:
     D:8: 2590 daAuts
  Bailey: 1962 daAuts
     D:6: 1841 daAuts
     D:9: 1303 daAuts
     D:2: 1170 daAuts
     D:7: 1138 daAuts
     D:3: 991 daAuts
    D:10: 959 daAuts
     D:5: 952 daAuts
     D:4: 950 daAuts
    D:11: 939 daAuts
     D:1: 856 daAuts
  Temple: 315 daAuts
    D:12: 44 daAuts
